[ AOE2 MATCH · #481320193 ]
UnrankedWu vs Japanese
[ REPLAY ANALYSIS · EXTRACTED FROM THE RECORDED GAME ]
Feudal
16:38
Castle
21:40
Imperial
37:00
| APM avg | 45.2 |
| APM peak | 99 |
| eAPM avg | 25.7 |
| Villagers / military | 190 / 309 |
Focus
⚔️ 48.8% · 🌾 51.2%
Unknown (1944) ×213 · Skirmisher ×184 · Scout Cavalry ×125 · Unknown (1968) ×22 · Unknown (1978) ×1
Feudal
14:16
Castle
18:05
Imperial
35:16
| APM avg | 35.4 |
| APM peak | 57 |
| eAPM avg | 23.4 |
| Villagers / military | 209 / 341 |
Focus
⚔️ 41.6% · 🌾 58.4%
Militia ×222 · Knight ×98 · Organ Gun ×14 · Petard ×4 · Monk ×1 · Mangonel ×1
Feudal
13:21
Castle
17:44
Imperial
38:13
| APM avg | 50.4 |
| APM peak | 91 |
| eAPM avg | 18.8 |
| Villagers / military | 165 / 371 |
Focus
⚔️ 45.8% · 🌾 54.2%
Scout Cavalry ×128 · Camel Archer ×118 · Knight ×115 · Bombard Cannon ×7 · Trebuchet (Packed) ×3
Feudal
15:17
Castle
19:48
Imperial
57:56
| APM avg | 34.0 |
| APM peak | 72 |
| eAPM avg | 19.0 |
| Villagers / military | 109 / 89 |
Focus
⚔️ 36.2% · 🌾 63.8%
Archer ×77 · Skirmisher ×5 · Spearman ×4 · Mangonel ×3 · Unknown (1959) ×2
Feudal
12:09
Castle
24:14
Imperial
37:57
| APM avg | 47.4 |
| APM peak | 95 |
| eAPM avg | 31.8 |
| Villagers / military | 267 / 571 |
Focus
⚔️ 51.3% · 🌾 48.7%
Spearman ×382 · Archer ×113 · Samurai ×54 · Trebuchet (Packed) ×13 · Scout Cavalry ×5 · Mangonel ×3
Feudal
14:44
Castle
18:23
Imperial
38:57
| APM avg | 35.3 |
| APM peak | 75 |
| eAPM avg | 19.1 |
| Villagers / military | 128 / 135 |
Focus
⚔️ 31.7% · 🌾 68.3%
Hand Cannoneer ×86 · Skirmisher ×41 · Bombard Cannon ×7 · Militia ×1
Feudal
13:23
Castle
28:23
Imperial
52:46
| APM avg | 51.5 |
| APM peak | 115 |
| eAPM avg | 21.9 |
| Villagers / military | 114 / 155 |
Focus
⚔️ 30.6% · 🌾 69.4%
Knight ×113 · Scout Cavalry ×18 · Skirmisher ×8 · Archer ×6 · Monk ×3 · Trebuchet (Packed) ×3
Feudal
13:44
Castle
18:29
Imperial
34:36
| APM avg | 40.2 |
| APM peak | 85 |
| eAPM avg | 28.9 |
| Villagers / military | 229 / 525 |
Focus
⚔️ 27.3% · 🌾 72.7%
Militia ×263 · Spearman ×174 · Huskarl ×73 · Bombard Cannon ×5 · Trebuchet (Packed) ×5 · Petard ×2
Match map
Initial resources + every placement click. Lines = walls · curves = elevation contours. ◆ gold · ⬟ stone · ● berries · ✦ relic · ◌ wall gap
Your base· Open — 10t gap
悲伤猫头橘's base· ✓ Closed at 18:05 · 29t walls · 1 gate(s)
食肉的羊's base· Open — unwalled flank
楚辞誉's base· Open — 15t gap
lkg's base· Open — unwalled flank
楠's base· Open — unwalled flank
青涩后妈's base· Open — unwalled flank
小米加步槍's base· Open — unwalled flank
Smoothed initial terrain · ◌ = detected wall gap · hover for details
Inputs per minute
— TON618 - - 悲伤猫头橘
Build order — TON618
First 150 of 1010 actions detected
| 1:27 | Build | Town Center |
| 3:39 | Build | House |
| 3:40 | Build | House |
| 3:46 | Create | Villager (Male) |
| 3:46 | Create | Villager (Male) |
| 3:47 | Create | Villager (Male) |
| 3:47 | Create | Villager (Male) |
| 3:47 | Create | Villager (Male) |
| 5:37 | Create | Villager (Male) |
| 5:37 | Create | Villager (Male) |
| 6:13 | Create | Villager (Male) |
| 6:13 | Create | Villager (Male) |
| 6:14 | Create | Villager (Male) |
| 6:30 | Create | Villager (Male) |
| 6:31 | Create | Villager (Male) |
| 7:02 | Create | Villager (Male) |
| 7:24 | Research | Loom |
| 7:39 | Build | House |
| 7:47 | Build | House |
| 7:56 | Create | Villager (Male) |
| 7:56 | Create | Villager (Male) |
| 8:24 | Create | Villager (Male) |
| 8:24 | Create | Villager (Male) |
| 8:35 | Build | House |
| 8:36 | Build | House |
| 9:15 | Create | Villager (Male) |
| 9:30 | Create | Villager (Male) |
| 9:30 | Create | Villager (Male) |
| 9:52 | Create | Villager (Male) |
| 9:52 | Create | Villager (Male) |
| 10:44 | Create | Villager (Male) |
| 11:16 | Build | House |
| 11:28 | Create | Villager (Male) |
| 11:59 | Create | Villager (Male) |
| 12:19 | Create | Villager (Male) |
| 12:37 | Create | Villager (Male) |
| 12:48 | Create | Villager (Male) |
| 13:34 | Build | Lumber Camp |
| 13:59 | Create | Villager (Male) |
| 14:00 | Build | Mill |
| 14:10 | Build | House |
| 14:11 | Build | House |
| 14:27 | Research | Feudal Age |
| 14:59 | Build | Mining Camp |
| 16:38 | Age | Feudal Age |
| 16:40 | Build | Market |
| 16:42 | Build | Blacksmith |
| 16:45 | Create | Villager (Male) |
| 16:47 | Research | Double-Bit Axe |
| 16:59 | Build | Farm |
| 17:00 | Build | Farm |
| 17:01 | Build | Farm |
| 17:05 | Create | Villager (Male) |
| 17:30 | Build | Farm |
| 17:32 | Build | Farm |
| 17:33 | Create | Villager (Male) |
| 17:39 | Build | Farm |
| 17:58 | Build | Farm |
| 18:00 | Create | Villager (Male) |
| 18:14 | Build | Farm |
| 18:27 | Build | Farm |
| 19:00 | Research | Castle Age |
| 19:19 | Build | Farm |
| 19:20 | Build | Farm |
| 19:27 | Build | Farm |
| 21:40 | Age | Castle Age |
| 21:43 | Build | Town Center |
| 21:45 | Create | Villager (Male) |
| 21:48 | Create | Villager (Male) |
| 22:12 | Create | Villager (Male) |
| 22:19 | Build | Town Center |
| 22:22 | Create | Villager (Male) |
| 22:49 | Create | Villager (Male) |
| 23:00 | Create | Villager (Male) |
| 23:32 | Create | Villager (Male) |
| 23:32 | Create | Villager (Male) |
| 23:35 | Create | Villager (Male) |
| 23:41 | Build | Town Center |
| 23:50 | Create | Villager (Male) |
| 23:55 | Create | Villager (Male) |
| 23:57 | Research | Bow Saw |
| 24:04 | Create | Villager (Male) |
| 24:17 | Create | Villager (Male) |
| 24:24 | Create | Villager (Male) |
| 24:24 | Create | Villager (Male) |
| 24:27 | Create | Villager (Male) |
| 24:31 | Create | Villager (Male) |
| 24:37 | Build | Barracks |
| 24:40 | Create | Villager (Male) |
| 24:42 | Create | Villager (Male) |
| 24:44 | Create | Villager (Male) |
| 24:52 | Build | Farm |
| 24:52 | Build | Farm |
| 24:57 | Create | Villager (Male) |
| 25:06 | Create | Villager (Male) |
| 25:09 | Create | Villager (Male) |
| 25:12 | Build | House |
| 25:13 | Build | House |
| 25:24 | Build | Farm |
| 25:32 | Build | Farm |
| 25:38 | Build | Stone Wall |
| 25:40 | Build | Stone Wall |
| 25:46 | Build | Gate |
| 25:50 | Build | Farm |
| 25:51 | Create | Villager (Male) |
| 25:55 | Create | Villager (Male) |
| 26:08 | Build | Farm |
| 26:10 | Build | Farm |
| 26:11 | Create | Villager (Male) |
| 26:12 | Create | Villager (Male) |
| 26:13 | Build | Farm |
| 26:18 | Build | Farm |
| 26:21 | Create | Villager (Male) |
| 26:24 | Create | Villager (Male) |
| 26:31 | Build | Stone Wall |
| 26:33 | Build | Gate |
| 26:35 | Create | Villager (Male) |
| 26:45 | Create | Villager (Male) |
| 26:46 | Create | Villager (Male) |
| 26:48 | Create | Villager (Male) |
| 26:59 | Build | Farm |
| 27:00 | Build | Farm |
| 27:03 | Create | Villager (Male) |
| 27:04 | Create | Villager (Male) |
| 27:18 | Build | Farm |
| 27:20 | Build | Farm |
| 27:21 | Create | Villager (Male) |
| 27:23 | Create | Villager (Male) |
| 27:23 | Create | Villager (Male) |
| 27:27 | Create | Villager (Male) |
| 27:41 | Create | Villager (Male) |
| 27:41 | Create | Villager (Male) |
| 27:44 | Build | Farm |
| 27:46 | Build | Farm |
| 27:55 | Build | House |
| 27:55 | Build | House |
| 27:56 | Build | House |
| 28:04 | Build | Stone Wall |
| 28:09 | Build | Farm |
| 28:14 | Build | Farm |
| 28:16 | Build | Farm |
| 28:18 | Create | Villager (Male) |
| 28:18 | Create | Villager (Male) |
| 28:19 | Create | Villager (Male) |
| 28:21 | Create | Villager (Male) |
| 28:25 | Build | Farm |
| 28:26 | Build | Farm |
| 28:30 | Build | Farm |
| 28:38 | Build | House |
| 28:52 | Build | Farm |
Build order — 悲伤猫头橘
First 150 of 727 actions detected
| 0:19 | Build | Town Center |
| 2:34 | Create | Villager (Male) ×4 |
| 2:56 | Build | House |
| 3:00 | Research | Loom |
| 3:00 | Create | Villager (Male) |
| 3:01 | Create | Villager (Male) |
| 3:23 | Build | House |
| 3:44 | Build | House |
| 4:13 | Build | House |
| 4:22 | Create | Villager (Male) |
| 4:22 | Create | Villager (Male) |
| 4:41 | Create | Villager (Male) |
| 5:25 | Create | Villager (Male) |
| 5:26 | Create | Villager (Male) |
| 5:40 | Create | Villager (Male) |
| 5:40 | Create | Villager (Male) |
| 5:55 | Create | Villager (Male) |
| 6:26 | Create | Villager (Male) |
| 6:33 | Create | Villager (Male) |
| 6:56 | Create | Villager (Male) |
| 7:26 | Create | Villager (Male) |
| 7:27 | Create | Villager (Male) |
| 7:27 | Create | Villager (Male) |
| 7:44 | Create | Villager (Male) |
| 7:44 | Create | Villager (Male) |
| 8:23 | Create | Villager (Male) |
| 8:49 | Create | Villager (Male) |
| 8:49 | Create | Villager (Male) |
| 8:57 | Build | Lumber Camp |
| 9:02 | Create | Villager (Male) |
| 9:14 | Create | Villager (Male) |
| 9:14 | Create | Villager (Male) |
| 9:14 | Create | Villager (Male) |
| 9:52 | Create | Villager (Male) |
| 10:40 | Build | Mining Camp |
| 11:10 | Research | Feudal Age |
| 11:17 | Build | House |
| 11:21 | Build | House |
| 11:27 | Build | House |
| 11:29 | Build | House |
| 12:20 | Build | House |
| 12:36 | Build | Mill |
| 14:06 | Create | Villager (Male) |
| 14:06 | Create | Villager (Male) |
| 14:16 | Age | Feudal Age |
| 14:21 | Build | Market |
| 14:43 | Build | Blacksmith |
| 15:15 | Build | Stone Wall |
| 15:21 | Build | Stone Wall |
| 15:25 | Research | Castle Age |
| 15:28 | Research | Double-Bit Axe |
| 16:29 | Build | Stone Wall |
| 16:30 | Build | Gate |
| 16:32 | Build | Stone Wall |
| 16:36 | Build | Stone Wall |
| 17:16 | Build | Stone Wall |
| 17:44 | Create | Villager (Male) |
| 17:44 | Create | Villager (Male) |
| 18:05 | Age | Castle Age |
| 18:08 | Build | Town Center |
| 18:11 | Research | Bow Saw |
| 18:39 | Build | House |
| 19:00 | Create | Villager (Male) |
| 19:15 | Build | House |
| 19:18 | Create | Villager (Male) |
| 19:31 | Build | Castle |
| 19:39 | Create | Villager (Male) |
| 19:43 | Build | House |
| 19:47 | Build | House |
| 19:58 | Create | Villager (Male) |
| 20:20 | Create | Villager (Male) |
| 20:23 | Create | Villager (Male) |
| 20:41 | Build | Town Center |
| 20:48 | Build | Town Center |
| 20:52 | Create | Villager (Male) |
| 21:01 | Create | Villager (Male) |
| 21:01 | Create | Villager (Male) |
| 21:01 | Create | Villager (Male) |
| 21:18 | Create | Villager (Male) |
| 21:36 | Create | Villager (Male) |
| 21:37 | Create | Villager (Male) |
| 22:06 | Build | Stone Wall |
| 22:07 | Build | Gate |
| 22:09 | Create | Villager (Male) |
| 22:14 | Build | Farm |
| 22:14 | Build | Farm |
| 22:15 | Build | Farm |
| 22:15 | Build | Farm |
| 22:16 | Build | Farm |
| 22:17 | Build | Farm |
| 22:17 | Build | Farm |
| 22:18 | Build | Farm |
| 22:24 | Build | Farm |
| 22:26 | Create | Villager (Male) |
| 22:28 | Build | Farm |
| 22:31 | Build | Farm |
| 22:38 | Build | Farm |
| 22:39 | Build | Farm |
| 22:41 | Create | Villager (Male) |
| 22:44 | Build | Farm |
| 22:50 | Build | Farm |
| 22:51 | Create | Villager (Male) |
| 22:52 | Create | Villager (Male) |
| 22:52 | Create | Villager (Male) |
| 22:56 | Build | Farm |
| 23:01 | Create | Villager (Male) |
| 23:01 | Create | Villager (Male) |
| 23:08 | Build | Farm |
| 23:20 | Build | Farm |
| 23:22 | Create | Villager (Male) |
| 23:32 | Create | Villager (Male) |
| 23:32 | Create | Villager (Male) |
| 23:32 | Create | Villager (Male) |
| 23:47 | Build | Farm |
| 23:49 | Build | Farm |
| 23:56 | Build | Farm |
| 23:57 | Create | Villager (Male) |
| 23:57 | Create | Villager (Male) |
| 23:58 | Create | Villager (Male) |
| 24:03 | Create | Villager (Male) |
| 24:11 | Build | Farm |
| 24:16 | Build | Farm |
| 24:18 | Create | Villager (Male) |
| 24:21 | Create | Villager (Male) |
| 24:29 | Build | Farm |
| 24:36 | Create | Organ Gun |
| 24:37 | Create | Organ Gun |
| 24:47 | Create | Villager (Male) |
| 24:48 | Create | Villager (Male) |
| 24:49 | Create | Organ Gun |
| 24:50 | Create | Villager (Male) |
| 24:56 | Build | Farm |
| 24:59 | Create | Villager (Male) |
| 24:59 | Create | Villager (Male) |
| 25:16 | Build | Town Center |
| 25:18 | Create | Villager (Male) |
| 25:18 | Create | Villager (Male) |
| 25:19 | Create | Villager (Male) |
| 25:22 | Create | Villager (Male) |
| 25:22 | Create | Villager (Male) |
| 25:24 | Build | Farm |
| 25:38 | Build | Farm |
| 25:40 | Create | Villager (Male) |
| 25:52 | Create | Villager (Male) |
| 25:52 | Create | Villager (Male) |
| 25:53 | Create | Villager (Male) |
| 25:57 | Build | Farm |
| 26:03 | Research | Horse Collar |
| 26:06 | Create | Villager (Male) |
| 26:17 | Build | Stone Wall |
Build order — 食肉的羊
First 150 of 672 actions detected
| 0:08 | Build | Town Center |
| 0:37 | Build | House |
| 0:42 | Build | House |
| 0:43 | Build | Lumber Camp |
| 2:31 | Create | Villager (Male) |
| 2:31 | Create | Villager (Male) |
| 2:31 | Create | Villager (Male) |
| 2:31 | Create | Villager (Male) |
| 4:07 | Research | Loom |
| 4:07 | Research | Loom |
| 4:25 | Create | Villager (Male) |
| 4:25 | Create | Villager (Male) |
| 4:25 | Create | Villager (Male) |
| 5:05 | Create | Villager (Male) |
| 5:22 | Build | House |
| 5:42 | Create | Villager (Male) |
| 5:42 | Create | Villager (Male) |
| 5:42 | Create | Villager (Male) |
| 6:30 | Create | Villager (Male) |
| 6:30 | Create | Villager (Male) |
| 6:53 | Create | Villager (Male) |
| 6:53 | Create | Villager (Male) |
| 6:53 | Create | Villager (Male) |
| 7:05 | Build | House |
| 7:19 | Build | Mill |
| 7:31 | Create | Villager (Male) |
| 8:05 | Create | Villager (Male) |
| 8:18 | Create | Villager (Male) |
| 8:47 | Create | Villager (Male) |
| 8:58 | Create | Villager (Male) |
| 9:44 | Create | Villager (Male) |
| 10:09 | Create | Villager (Male) |
| 10:20 | Create | Villager (Male) |
| 10:28 | Build | Mining Camp |
| 11:08 | Research | Feudal Age |
| 11:08 | Research | Feudal Age |
| 12:35 | Build | Mining Camp |
| 13:21 | Age | Feudal Age |
| 13:23 | Create | Villager (Male) |
| 13:31 | Build | Blacksmith |
| 13:35 | Create | Villager (Male) |
| 13:56 | Research | Double-Bit Axe |
| 14:02 | Build | Market |
| 14:05 | Create | Villager (Male) |
| 14:23 | Research | Double-Bit Axe |
| 14:51 | Build | House |
| 14:58 | Build | Palisade Gate |
| 15:04 | Research | Castle Age |
| 15:04 | Research | Castle Age |
| 15:39 | Build | House |
| 15:39 | Build | House |
| 15:48 | Build | House |
| 15:48 | Build | House |
| 15:50 | Build | Palisade Wall |
| 15:51 | Build | House |
| 15:58 | Research | Horse Collar |
| 15:58 | Research | Horse Collar |
| 16:29 | Build | House |
| 16:30 | Build | House |
| 16:35 | Build | House |
| 16:39 | Build | Palisade Wall |
| 16:43 | Build | Palisade Wall |
| 17:44 | Age | Castle Age |
| 17:50 | Build | Castle |
| 17:52 | Create | Villager (Male) |
| 17:58 | Build | Farm |
| 18:01 | Build | Farm |
| 18:04 | Build | Farm |
| 18:07 | Build | Farm |
| 18:11 | Create | Villager (Male) |
| 18:32 | Research | Fletching |
| 18:39 | Build | Farm |
| 19:02 | Create | Camel Archer |
| 19:05 | Create | Camel Archer |
| 19:06 | Create | Villager (Male) |
| 19:09 | Build | Farm |
| 19:22 | Build | Farm |
| 19:25 | Create | Villager (Male) |
| 19:38 | Create | Camel Archer |
| 19:53 | Create | Villager (Male) |
| 19:53 | Create | Villager (Male) |
| 20:06 | Build | Palisade Wall |
| 20:08 | Build | Palisade Wall |
| 20:13 | Create | Camel Archer |
| 20:14 | Create | Villager (Male) |
| 20:36 | Create | Villager (Male) |
| 20:54 | Build | Farm |
| 20:54 | Build | Farm |
| 20:59 | Build | Farm |
| 21:17 | Create | Villager (Male) |
| 21:26 | Create | Villager (Male) |
| 21:48 | Create | Villager (Male) |
| 21:51 | Create | Camel Archer |
| 22:00 | Research | Gold Mining |
| 22:00 | Research | Gold Mining |
| 22:13 | Create | Villager (Male) |
| 22:21 | Research | Bow Saw |
| 22:21 | Research | Bow Saw |
| 22:25 | Create | Camel Archer |
| 22:27 | Create | Camel Archer |
| 22:42 | Build | Palisade Wall |
| 22:51 | Create | Villager (Male) |
| 22:54 | Build | Barracks |
| 23:04 | Create | Villager (Male) |
| 23:24 | Create | Villager (Male) |
| 23:31 | Build | Town Center |
| 23:52 | Create | Camel Archer |
| 23:53 | Create | Camel Archer |
| 24:05 | Create | Camel Archer |
| 24:06 | Create | Villager (Male) |
| 24:25 | Create | Camel Archer |
| 24:35 | Build | Farm |
| 24:48 | Create | Villager (Male) |
| 25:03 | Create | Villager (Male) |
| 25:08 | Research | Bodkin Arrow |
| 25:08 | Research | Bodkin Arrow |
| 25:12 | Create | Camel Archer |
| 25:28 | Create | Villager (Male) |
| 25:29 | Create | Camel Archer |
| 25:30 | Create | Villager (Male) |
| 25:35 | Build | Farm |
| 25:35 | Build | Farm |
| 25:35 | Build | Farm |
| 25:35 | Build | Farm |
| 25:39 | Build | University |
| 25:46 | Create | Camel Archer |
| 26:03 | Create | Villager (Male) |
| 26:04 | Create | Villager (Male) |
| 26:13 | Build | Stable |
| 26:21 | Create | Villager (Male) |
| 26:23 | Create | Villager (Male) |
| 26:27 | Research | Padded Archer Armor |
| 26:27 | Research | Padded Archer Armor |
| 26:40 | Create | Villager (Male) |
| 26:46 | Build | Farm |
| 26:46 | Build | Farm |
| 26:54 | Create | Camel Archer |
| 27:08 | Create | Villager (Male) |
| 27:09 | Create | Villager (Male) |
| 27:12 | Build | Farm |
| 27:28 | Create | Villager (Male) |
| 27:29 | Create | Villager (Male) |
| 27:33 | Create | Villager (Male) |
| 27:44 | Research | Ballistics |
| 27:44 | Research | Ballistics |
| 27:52 | Create | Villager (Male) |
| 27:52 | Create | Villager (Male) |
| 27:55 | Create | Camel Archer |
| 27:55 | Create | Camel Archer |
| 28:00 | Build | Farm |
Build order — 楚辞誉
First 150 of 343 actions detected
| 0:44 | Build | Town Center |
| 2:53 | Create | Villager (Male) |
| 2:53 | Create | Villager (Male) |
| 2:59 | Create | Villager (Male) |
| 2:59 | Create | Villager (Male) |
| 3:03 | Build | House |
| 3:28 | Build | House |
| 4:14 | Research | Loom |
| 4:41 | Build | Palisade Gate |
| 4:47 | Build | House |
| 5:00 | Build | House |
| 5:14 | Create | Villager (Male) |
| 5:56 | Create | Villager (Male) |
| 6:18 | Create | Villager (Male) |
| 6:43 | Create | Villager (Male) |
| 7:05 | Create | Villager (Male) |
| 7:13 | Create | Villager (Male) |
| 7:54 | Create | Villager (Male) |
| 8:31 | Create | Villager (Male) |
| 8:39 | Build | House |
| 8:57 | Create | Villager (Male) |
| 9:05 | Create | Villager (Male) |
| 9:09 | Build | Palisade Wall |
| 9:18 | Create | Villager (Male) |
| 9:25 | Create | Villager (Male) |
| 9:37 | Build | Mill |
| 9:45 | Build | House |
| 9:46 | Create | Villager (Male) |
| 10:26 | Build | House |
| 10:52 | Create | Villager (Male) |
| 11:08 | Create | Villager (Male) |
| 11:47 | Create | Villager (Male) |
| 12:00 | Build | House |
| 12:14 | Create | Villager (Male) |
| 12:15 | Build | House |
| 12:21 | Build | Lumber Camp |
| 12:29 | Build | House |
| 12:35 | Create | Villager (Male) |
| 13:01 | Research | Feudal Age |
| 13:11 | Build | Barracks |
| 15:17 | Age | Feudal Age |
| 15:19 | Build | Archery Range |
| 15:26 | Build | Blacksmith |
| 15:35 | Create | Villager (Male) |
| 15:51 | Research | Fletching |
| 16:01 | Create | Archer |
| 16:33 | Create | Archer |
| 17:08 | Research | Castle Age |
| 17:16 | Create | Skirmisher |
| 17:24 | Build | Watch Tower |
| 17:54 | Build | House |
| 17:57 | Create | Archer |
| 18:59 | Create | Villager (Male) |
| 19:00 | Create | Villager (Male) |
| 19:17 | Create | Archer |
| 19:41 | Create | Archer |
| 19:48 | Age | Castle Age |
| 19:57 | Research | Bodkin Arrow |
| 20:32 | Build | Siege Workshop |
| 21:33 | Create | Villager (Male) |
| 21:33 | Create | Villager (Male) |
| 21:34 | Create | Villager (Male) |
| 21:34 | Create | Villager (Male) |
| 21:34 | Create | Villager (Male) |
| 21:50 | Create | Skirmisher |
| 21:55 | Create | Villager (Male) |
| 22:09 | Build | Mining Camp |
| 22:17 | Create | Skirmisher |
| 22:19 | Create | Skirmisher |
| 22:51 | Build | Market |
| 23:09 | Build | House |
| 23:14 | Create | Skirmisher |
| 23:19 | Build | House |
| 24:02 | Create | Mangonel |
| 24:23 | Create | Archer |
| 25:04 | Create | Villager (Male) |
| 25:11 | Create | Mangonel |
| 25:45 | Create | Archer |
| 25:46 | Create | Archer |
| 26:11 | Build | Mining Camp |
| 26:18 | Build | Barracks |
| 26:21 | Build | Archery Range |
| 26:23 | Create | Archer |
| 26:23 | Create | Archer |
| 26:27 | Build | House |
| 26:42 | Build | Farm |
| 26:44 | Build | Farm |
| 26:45 | Build | Farm |
| 27:19 | Create | Archer |
| 27:19 | Create | Archer |
| 27:25 | Create | Archer |
| 27:58 | Create | Villager (Male) |
| 28:02 | Create | Archer |
| 28:40 | Create | Villager (Male) |
| 28:51 | Build | House |
| 29:14 | Create | Spearman |
| 29:28 | Build | Town Center |
| 29:45 | Create | Archer |
| 29:45 | Create | Archer |
| 29:47 | Create | Spearman |
| 30:07 | Create | Spearman |
| 30:23 | Create | Spearman |
| 30:44 | Create | Archer |
| 30:45 | Create | Archer |
| 31:19 | Create | Mangonel |
| 31:26 | Build | Watch Tower |
| 31:42 | Create | Villager (Male) |
| 31:47 | Build | House |
| 32:29 | Create | Archer |
| 34:55 | Build | Town Center |
| 35:21 | Create | Villager (Male) |
| 35:25 | Create | Villager (Male) |
| 35:27 | Research | Crossbowman (upgrade) |
| 35:57 | Create | Villager (Male) |
| 35:57 | Create | Villager (Male) |
| 35:58 | Create | Villager (Male) |
| 36:20 | Create | Villager (Male) |
| 36:20 | Create | Villager (Male) |
| 36:41 | Build | Archery Range |
| 37:09 | Create | Villager (Male) |
| 37:09 | Create | Villager (Male) |
| 37:13 | Build | Archery Range |
| 37:15 | Create | Archer |
| 38:16 | Create | Archer |
| 38:16 | Create | Archer |
| 38:18 | Create | Archer |
| 38:19 | Create | Archer |
| 38:20 | Create | Villager (Male) |
| 38:58 | Create | Archer |
| 38:59 | Create | Archer |
| 39:05 | Build | Farm |
| 39:05 | Build | Farm |
| 39:06 | Build | Farm |
| 39:07 | Build | Farm |
| 39:19 | Build | House |
| 39:20 | Build | House |
| 39:57 | Create | Archer |
| 39:58 | Create | Archer |
| 39:58 | Create | Archer |
| 40:06 | Create | Villager (Male) |
| 40:07 | Create | Villager (Male) |
| 40:07 | Create | Villager (Male) |
| 40:09 | Create | Villager (Male) |
| 40:26 | Build | Town Center |
| 41:18 | Create | Villager (Male) |
| 41:20 | Create | Villager (Male) |
| 41:20 | Create | Villager (Male) |
| 41:22 | Build | House |
| 41:24 | Build | Farm |
| 41:44 | Build | Farm |
Build order — lkg
First 150 of 1140 actions detected
| 0:30 | Build | Town Center |
| 2:06 | Build | House |
| 2:50 | Create | Villager (Male) |
| 2:51 | Create | Villager (Male) |
| 2:51 | Create | Villager (Male) |
| 2:51 | Create | Villager (Male) |
| 3:13 | Build | House |
| 3:31 | Build | House |
| 3:38 | Build | House |
| 4:41 | Create | Villager (Male) |
| 4:42 | Create | Villager (Male) |
| 5:01 | Create | Villager (Male) |
| 5:01 | Create | Villager (Male) |
| 5:10 | Build | House |
| 5:29 | Create | Villager (Male) |
| 5:46 | Build | House |
| 6:06 | Create | Villager (Male) |
| 6:06 | Create | Villager (Male) |
| 6:13 | Build | House |
| 6:23 | Build | House |
| 6:25 | Create | Villager (Male) |
| 6:25 | Create | Villager (Male) |
| 7:22 | Create | Villager (Male) |
| 7:32 | Build | Mill |
| 7:40 | Create | Villager (Male) |
| 8:11 | Create | Villager (Male) |
| 8:44 | Create | Villager (Male) |
| 9:08 | Research | Loom |
| 9:31 | Create | Villager (Male) |
| 9:34 | Build | Lumber Camp |
| 9:51 | Research | Feudal Age |
| 10:53 | Build | Barracks |
| 11:01 | Build | House |
| 11:03 | Build | Palisade Wall |
| 11:04 | Build | Palisade Wall |
| 11:51 | Build | Palisade Wall |
| 11:52 | Build | Palisade Wall |
| 11:52 | Build | Palisade Wall |
| 12:06 | Create | Villager (Male) |
| 12:09 | Age | Feudal Age |
| 12:10 | Build | Archery Range |
| 12:22 | Build | Mining Camp |
| 12:57 | Create | Villager (Male) |
| 12:59 | Build | House |
| 13:02 | Research | Double-Bit Axe |
| 13:02 | Research | Double-Bit Axe |
| 13:05 | Create | Archer |
| 13:17 | Build | Palisade Wall |
| 13:19 | Build | Palisade Wall |
| 13:20 | Build | Palisade Wall |
| 13:23 | Create | Villager (Male) |
| 13:30 | Create | Archer |
| 13:30 | Create | Archer |
| 13:33 | Research | Horse Collar |
| 13:38 | Create | Villager (Male) |
| 14:03 | Create | Villager (Male) |
| 14:05 | Build | Blacksmith |
| 14:10 | Create | Archer |
| 14:19 | Create | Archer |
| 14:27 | Create | Villager (Male) |
| 14:50 | Research | Fletching |
| 15:08 | Create | Villager (Male) |
| 15:10 | Build | House |
| 15:10 | Build | House |
| 15:14 | Research | Horse Collar |
| 15:16 | Build | Farm |
| 15:18 | Build | Farm |
| 15:31 | Create | Villager (Male) |
| 15:32 | Create | Archer |
| 15:41 | Create | Villager (Male) |
| 15:59 | Create | Villager (Male) |
| 16:00 | Create | Archer |
| 16:07 | Build | House |
| 16:08 | Build | House |
| 16:09 | Build | House |
| 16:13 | Build | Farm |
| 16:14 | Build | Farm |
| 16:16 | Build | Farm |
| 16:23 | Build | Farm |
| 16:24 | Create | Villager (Male) |
| 16:34 | Create | Archer |
| 17:00 | Create | Villager (Male) |
| 17:01 | Create | Archer |
| 17:03 | Build | Farm |
| 17:05 | Build | Farm |
| 17:07 | Build | Farm |
| 17:08 | Build | Farm |
| 17:20 | Create | Archer |
| 17:21 | Create | Villager (Male) |
| 17:23 | Build | Farm |
| 17:49 | Create | Villager (Male) |
| 18:03 | Create | Villager (Male) |
| 18:06 | Build | Farm |
| 18:08 | Build | Farm |
| 18:10 | Build | Farm |
| 18:23 | Create | Villager (Male) |
| 18:24 | Build | Farm |
| 18:27 | Build | Farm |
| 18:29 | Create | Archer |
| 19:00 | Create | Villager (Male) |
| 19:01 | Create | Villager (Male) |
| 19:02 | Create | Archer |
| 19:05 | Build | Farm |
| 19:20 | Research | Wheelbarrow |
| 19:24 | Build | Farm |
| 19:38 | Create | Archer |
| 20:05 | Build | Market |
| 20:11 | Build | Palisade Gate |
| 20:30 | Create | Villager (Male) |
| 20:34 | Build | Palisade Gate |
| 20:58 | Create | Villager (Male) |
| 21:20 | Build | Farm |
| 21:34 | Research | Castle Age |
| 21:34 | Research | Castle Age |
| 21:53 | Research | Gold Mining |
| 22:09 | Create | Archer |
| 22:09 | Create | Archer |
| 22:10 | Create | Archer |
| 22:11 | Create | Archer |
| 22:46 | Research | Padded Archer Armor |
| 24:14 | Age | Castle Age |
| 24:17 | Build | University |
| 24:19 | Create | Villager (Male) |
| 24:19 | Create | Villager (Male) |
| 24:21 | Research | Crossbowman (upgrade) |
| 24:22 | Research | Bodkin Arrow |
| 24:23 | Research | Bow Saw |
| 24:27 | Build | Town Center |
| 25:10 | Build | Lumber Camp |
| 25:10 | Create | Villager (Male) |
| 25:10 | Create | Villager (Male) |
| 25:36 | Create | Archer |
| 25:37 | Create | Archer |
| 25:47 | Build | Town Center |
| 25:56 | Create | Villager (Male) |
| 26:03 | Research | Ballistics |
| 26:03 | Research | Ballistics |
| 26:13 | Create | Villager (Male) |
| 26:13 | Create | Villager (Male) |
| 26:13 | Create | Villager (Male) |
| 26:16 | Build | House |
| 26:16 | Build | House |
| 26:21 | Create | Archer |
| 26:21 | Create | Archer |
| 26:32 | Create | Villager (Male) |
| 26:32 | Create | Villager (Male) |
| 26:38 | Build | House |
| 26:38 | Build | House |
| 26:42 | Create | Archer |
| 26:42 | Create | Archer |
Build order — 楠
First 150 of 421 actions detected
| 0:54 | Build | Town Center |
| 1:06 | Build | Lumber Camp |
| 1:12 | Build | House |
| 1:14 | Build | House |
| 3:14 | Research | Loom |
| 3:15 | Create | Villager (Male) |
| 3:15 | Create | Villager (Male) |
| 3:15 | Create | Villager (Male) |
| 4:07 | Create | Villager (Male) |
| 5:35 | Create | Villager (Male) |
| 6:04 | Create | Villager (Male) |
| 6:32 | Create | Villager (Male) |
| 6:33 | Create | Villager (Male) |
| 6:50 | Build | House |
| 7:05 | Create | Villager (Male) |
| 7:05 | Create | Villager (Male) |
| 7:17 | Build | House |
| 7:25 | Create | Villager (Male) |
| 7:47 | Build | House |
| 8:07 | Build | Palisade Wall |
| 8:16 | Create | Villager (Male) |
| 8:16 | Create | Villager (Male) |
| 8:36 | Build | Palisade Wall |
| 8:43 | Build | Lumber Camp |
| 9:01 | Create | Villager (Male) |
| 9:01 | Create | Villager (Male) |
| 9:02 | Create | Villager (Male) |
| 10:15 | Create | Villager (Male) |
| 10:25 | Build | Mill |
| 10:37 | Create | Villager (Male) |
| 10:42 | Create | Villager (Male) |
| 11:11 | Create | Villager (Male) |
| 11:43 | Build | Mining Camp |
| 12:05 | Create | Villager (Male) |
| 12:34 | Research | Feudal Age |
| 13:22 | Create | Villager (Male) |
| 14:09 | Create | Villager (Male) |
| 14:44 | Age | Feudal Age |
| 14:49 | Build | Market |
| 14:56 | Build | Blacksmith |
| 15:15 | Research | Double-Bit Axe |
| 15:43 | Research | Castle Age |
| 15:43 | Research | Castle Age |
| 15:59 | Research | Horse Collar |
| 16:11 | Build | Barracks |
| 16:26 | Build | Farm |
| 16:43 | Build | Farm |
| 16:49 | Build | Farm |
| 16:57 | Build | Farm |
| 17:07 | Build | Farm |
| 17:12 | Create | Villager (Male) |
| 17:25 | Build | House |
| 17:31 | Build | House |
| 17:42 | Build | Archery Range |
| 17:52 | Build | Farm |
| 17:53 | Create | Villager (Male) |
| 17:55 | Build | Farm |
| 18:23 | Age | Castle Age |
| 18:23 | Create | Villager (Male) |
| 18:28 | Build | University |
| 18:36 | Build | Farm |
| 18:38 | Build | Farm |
| 18:42 | Build | Farm |
| 18:54 | Research | Bow Saw |
| 19:06 | Build | House |
| 19:22 | Build | House |
| 19:25 | Build | Farm |
| 19:32 | Create | Villager (Male) |
| 19:44 | Create | Villager (Male) |
| 20:06 | Build | Archery Range |
| 20:25 | Research | Chemistry |
| 20:33 | Build | Archery Range |
| 20:40 | Build | Farm |
| 20:44 | Build | Farm |
| 20:58 | Build | Farm |
| 21:01 | Create | Villager (Male) |
| 21:13 | Create | Villager (Male) |
| 21:41 | Research | Fletching |
| 22:15 | Create | Hand Cannoneer |
| 22:17 | Create | Hand Cannoneer |
| 22:23 | Create | Hand Cannoneer |
| 22:24 | Create | Hand Cannoneer |
| 22:41 | Build | Watch Tower |
| 22:50 | Create | Villager (Male) |
| 23:01 | Create | Villager (Male) |
| 23:55 | Create | Hand Cannoneer |
| 23:55 | Create | Hand Cannoneer |
| 23:56 | Create | Villager (Male) |
| 24:02 | Build | Farm |
| 24:08 | Create | Villager (Male) |
| 24:08 | Create | Villager (Male) |
| 24:20 | Create | Villager (Male) |
| 24:23 | Create | Hand Cannoneer |
| 24:31 | Build | Farm |
| 24:50 | Create | Villager (Male) |
| 24:54 | Create | Villager (Male) |
| 25:06 | Create | Hand Cannoneer |
| 25:25 | Research | Ballistics |
| 25:31 | Create | Villager (Male) |
| 25:31 | Create | Villager (Male) |
| 25:31 | Create | Villager (Male) |
| 25:37 | Build | Town Center |
| 25:53 | Research | Bodkin Arrow |
| 25:56 | Create | Hand Cannoneer |
| 26:09 | Create | Villager (Male) |
| 26:22 | Create | Villager (Male) |
| 26:28 | Build | Stone Wall |
| 26:36 | Create | Villager (Male) |
| 26:44 | Create | Villager (Male) |
| 26:47 | Build | Farm |
| 26:50 | Build | Farm |
| 26:52 | Build | Farm |
| 27:28 | Create | Villager (Male) |
| 27:32 | Create | Hand Cannoneer |
| 27:32 | Create | Hand Cannoneer |
| 27:41 | Create | Villager (Male) |
| 27:58 | Build | Gate |
| 28:01 | Create | Villager (Male) |
| 28:07 | Create | Hand Cannoneer |
| 28:08 | Create | Hand Cannoneer |
| 28:26 | Create | Militia |
| 28:28 | Build | House |
| 28:29 | Build | House |
| 28:31 | Build | House |
| 28:48 | Research | Padded Archer Armor |
| 29:05 | Build | House |
| 29:06 | Build | House |
| 29:22 | Create | Hand Cannoneer |
| 29:22 | Create | Hand Cannoneer |
| 29:23 | Create | Hand Cannoneer |
| 29:23 | Create | Hand Cannoneer |
| 29:32 | Create | Villager (Male) |
| 29:35 | Build | Farm |
| 29:38 | Create | Villager (Male) |
| 29:40 | Build | Farm |
| 29:40 | Create | Villager (Male) |
| 29:42 | Build | Farm |
| 29:45 | Build | Farm |
| 29:46 | Build | Farm |
| 29:47 | Create | Villager (Male) |
| 29:52 | Create | Hand Cannoneer |
| 30:08 | Create | Villager (Male) |
| 30:26 | Build | House |
| 30:28 | Build | House |
| 30:30 | Build | House |
| 30:30 | Build | House |
| 30:52 | Create | Villager (Male) |
| 30:53 | Create | Villager (Male) |
| 31:20 | Build | Stone Wall |
| 31:23 | Research | Wheelbarrow |
Build order — 青涩后妈
First 150 of 423 actions detected
| 0:50 | Build | Town Center |
| 1:51 | Build | House |
| 3:02 | Create | Villager (Male) |
| 3:03 | Create | Villager (Male) |
| 3:03 | Create | Villager (Male) |
| 3:03 | Create | Villager (Male) |
| 4:16 | Build | House |
| 4:20 | Build | House |
| 4:30 | Research | Loom |
| 5:02 | Create | Villager (Male) |
| 5:18 | Build | House |
| 5:28 | Create | Villager (Male) |
| 5:34 | Create | Villager (Male) |
| 5:34 | Create | Villager (Male) |
| 5:44 | Build | House |
| 5:46 | Build | House |
| 6:00 | Create | Villager (Male) |
| 6:27 | Create | Villager (Male) |
| 6:39 | Build | Mill |
| 6:50 | Create | Villager (Male) |
| 7:13 | Create | Villager (Male) |
| 8:02 | Create | Villager (Male) |
| 8:18 | Create | Villager (Male) |
| 8:30 | Create | Villager (Male) |
| 9:17 | Create | Villager (Male) |
| 9:45 | Create | Villager (Male) |
| 9:46 | Create | Villager (Male) |
| 10:22 | Create | Villager (Male) |
| 10:28 | Build | Mining Camp |
| 10:40 | Create | Villager (Male) |
| 11:11 | Research | Feudal Age |
| 11:16 | Build | House |
| 11:49 | Build | Barracks |
| 12:10 | Build | Mining Camp |
| 12:34 | Build | Farm |
| 12:34 | Build | Farm |
| 12:42 | Build | Farm |
| 13:03 | Build | Farm |
| 13:22 | Build | Outpost |
| 13:23 | Age | Feudal Age |
| 13:26 | Create | Villager (Male) |
| 13:47 | Build | Archery Range |
| 14:06 | Create | Villager (Male) |
| 14:22 | Build | House |
| 14:23 | Build | House |
| 14:24 | Build | House |
| 14:28 | Create | Villager (Male) |
| 14:32 | Build | Palisade Wall |
| 14:35 | Create | Archer |
| 14:35 | Create | Archer |
| 14:47 | Build | Watch Tower |
| 14:53 | Create | Villager (Male) |
| 15:29 | Create | Archer |
| 15:37 | Build | Blacksmith |
| 15:42 | Create | Villager (Male) |
| 16:57 | Create | Villager (Male) |
| 17:17 | Build | Watch Tower |
| 17:36 | Research | Fletching |
| 17:58 | Build | Farm |
| 17:59 | Build | Farm |
| 17:59 | Build | Farm |
| 17:59 | Build | Farm |
| 17:59 | Build | Farm |
| 18:49 | Build | Watch Tower |
| 19:00 | Create | Archer |
| 19:00 | Create | Archer |
| 19:35 | Create | Villager (Male) |
| 19:37 | Create | Villager (Male) |
| 20:18 | Create | Villager (Male) |
| 20:31 | Create | Villager (Male) |
| 20:33 | Create | Archer |
| 20:34 | Create | Villager (Male) |
| 20:56 | Create | Villager (Male) |
| 21:02 | Build | Stone Wall |
| 21:10 | Build | Palisade Wall |
| 21:12 | Build | Palisade Wall |
| 21:13 | Build | Palisade Wall |
| 21:19 | Create | Villager (Male) |
| 21:25 | Create | Villager (Male) |
| 21:29 | Build | Farm |
| 21:29 | Build | Farm |
| 21:29 | Build | Farm |
| 21:29 | Build | Farm |
| 21:29 | Build | Farm |
| 21:32 | Create | Villager (Male) |
| 21:56 | Create | Villager (Male) |
| 22:39 | Create | Villager (Male) |
| 23:17 | Build | Market |
| 23:49 | Create | Villager (Male) |
| 23:53 | Build | House |
| 23:55 | Build | House |
| 24:36 | Create | Villager (Male) |
| 24:42 | Build | Farm |
| 24:46 | Build | Farm |
| 24:52 | Create | Villager (Male) |
| 25:04 | Build | Lumber Camp |
| 25:43 | Research | Castle Age |
| 25:43 | Research | Castle Age |
| 25:49 | Build | Stable |
| 26:00 | Build | Stable |
| 26:24 | Create | Villager (Male) |
| 27:24 | Create | Villager (Male) |
| 27:39 | Create | Villager (Male) |
| 28:16 | Research | Scale Mail Armor |
| 28:19 | Research | Scale Barding Armor |
| 28:23 | Age | Castle Age |
| 28:25 | Create | Knight |
| 28:25 | Create | Knight |
| 28:39 | Create | Knight |
| 29:12 | Create | Knight |
| 29:25 | Build | Castle |
| 29:34 | Create | Knight |
| 29:45 | Build | Monastery |
| 30:29 | Build | Siege Workshop |
| 30:31 | Create | Monk |
| 30:31 | Create | Monk |
| 30:32 | Create | Villager (Male) |
| 30:37 | Create | Knight |
| 30:39 | Research | Husbandry |
| 31:24 | Build | Castle |
| 31:44 | Research | Bodkin Arrow |
| 32:29 | Create | Villager (Male) |
| 32:30 | Create | Villager (Male) |
| 32:31 | Create | Villager (Male) |
| 33:23 | Create | Villager (Male) |
| 33:24 | Create | Villager (Male) |
| 33:24 | Create | Villager (Male) |
| 33:55 | Create | Villager (Male) |
| 34:09 | Build | Mining Camp |
| 34:10 | Create | Villager (Male) |
| 34:12 | Create | Throwing Axeman |
| 34:15 | Create | Knight |
| 34:15 | Create | Knight |
| 34:17 | Create | Villager (Male) |
| 34:36 | Create | Villager (Male) |
| 34:50 | Create | Throwing Axeman |
| 35:05 | Create | Knight |
| 35:14 | Create | Villager (Male) |
| 35:18 | Create | Villager (Male) |
| 35:19 | Create | Villager (Male) |
| 35:21 | Build | Farm |
| 35:21 | Build | Farm |
| 35:21 | Build | Farm |
| 35:22 | Build | Farm |
| 35:22 | Build | Farm |
| 35:28 | Build | Town Center |
| 35:38 | Create | Villager (Male) |
| 35:44 | Build | Mill |
| 36:06 | Create | Knight |
| 36:06 | Create | Knight |
Build order — 小米加步槍
First 150 of 692 actions detected
| 0:32 | Build | Town Center |
| 0:48 | Build | Mill |
| 1:36 | Build | House |
| 1:42 | Build | House |
| 2:36 | Build | Palisade Wall |
| 2:44 | Create | Villager (Male) |
| 2:45 | Create | Villager (Male) |
| 2:50 | Create | Villager (Male) |
| 2:50 | Create | Villager (Male) |
| 4:20 | Create | Villager (Male) |
| 4:46 | Create | Villager (Male) |
| 4:49 | Research | Loom |
| 4:49 | Research | Loom |
| 5:27 | Build | House |
| 5:39 | Create | Villager (Male) |
| 5:39 | Create | Villager (Male) |
| 5:43 | Create | Villager (Male) |
| 5:43 | Create | Villager (Male) |
| 6:04 | Create | Villager (Male) |
| 6:44 | Create | Villager (Male) |
| 7:09 | Build | House |
| 7:33 | Create | Villager (Male) |
| 7:33 | Create | Villager (Male) |
| 7:54 | Build | House |
| 8:29 | Create | Villager (Male) |
| 8:31 | Build | House |
| 8:41 | Create | Villager (Male) |
| 9:19 | Create | Villager (Male) |
| 9:27 | Build | Lumber Camp |
| 9:53 | Create | Villager (Male) |
| 9:54 | Create | Villager (Male) |
| 9:54 | Create | Villager (Male) |
| 10:38 | Create | Villager (Male) |
| 11:10 | Research | Feudal Age |
| 11:21 | Build | Mining Camp |
| 13:25 | Build | Mill |
| 13:35 | Create | Villager (Male) |
| 13:35 | Create | Villager (Male) |
| 13:42 | Build | House |
| 13:44 | Age | Feudal Age |
| 13:55 | Build | Market |
| 13:58 | Create | Villager (Male) |
| 14:24 | Create | Villager (Male) |
| 14:37 | Build | Palisade Wall |
| 14:40 | Build | Palisade Wall |
| 14:40 | Build | Palisade Wall |
| 14:56 | Build | Blacksmith |
| 15:04 | Create | Villager (Male) |
| 15:32 | Build | House |
| 15:34 | Build | Palisade Wall |
| 15:34 | Build | Palisade Wall |
| 15:44 | Research | Double-Bit Axe |
| 15:48 | Research | Castle Age |
| 15:48 | Research | Castle Age |
| 16:06 | Build | House |
| 17:28 | Build | House |
| 18:20 | Build | House |
| 18:29 | Age | Castle Age |
| 18:34 | Create | Villager (Male) |
| 18:34 | Create | Villager (Male) |
| 18:40 | Build | Town Center |
| 18:50 | Build | Town Center |
| 18:57 | Build | House |
| 18:57 | Build | House |
| 18:59 | Build | House |
| 19:00 | Build | House |
| 19:06 | Build | House |
| 19:12 | Create | Villager (Male) |
| 19:15 | Build | Farm |
| 19:15 | Build | Farm |
| 19:16 | Build | Farm |
| 19:19 | Build | Farm |
| 19:23 | Build | Farm |
| 19:24 | Build | Farm |
| 19:27 | Build | Farm |
| 19:29 | Build | Farm |
| 19:33 | Research | Horse Collar |
| 19:42 | Build | Farm |
| 19:43 | Build | Farm |
| 19:59 | Build | Farm |
| 20:01 | Create | Villager (Male) |
| 20:22 | Create | Villager (Male) |
| 20:22 | Create | Villager (Male) |
| 20:23 | Create | Villager (Male) |
| 20:27 | Create | Villager (Male) |
| 20:28 | Create | Villager (Male) |
| 20:33 | Create | Villager (Male) |
| 20:33 | Create | Villager (Male) |
| 20:38 | Build | Farm |
| 20:39 | Build | Farm |
| 20:40 | Build | Farm |
| 20:50 | Create | Villager (Male) |
| 20:53 | Create | Villager (Male) |
| 20:55 | Create | Villager (Male) |
| 21:09 | Build | Farm |
| 21:10 | Create | Villager (Male) |
| 21:17 | Build | House |
| 21:18 | Build | House |
| 21:21 | Create | Villager (Male) |
| 21:25 | Create | Villager (Male) |
| 21:29 | Build | Farm |
| 21:30 | Build | Farm |
| 21:31 | Create | Villager (Male) |
| 21:40 | Create | Villager (Male) |
| 21:52 | Build | Farm |
| 21:54 | Build | Farm |
| 22:04 | Create | Villager (Male) |
| 22:09 | Create | Villager (Male) |
| 22:15 | Build | House |
| 22:16 | Build | House |
| 22:25 | Create | Villager (Male) |
| 22:40 | Build | Town Center |
| 22:42 | Create | Villager (Male) |
| 22:52 | Create | Villager (Male) |
| 22:58 | Create | Villager (Male) |
| 23:00 | Build | Lumber Camp |
| 23:04 | Create | Villager (Male) |
| 23:05 | Create | Villager (Male) |
| 23:26 | Build | House |
| 23:28 | Build | Palisade Gate |
| 23:30 | Build | House |
| 23:33 | Build | House |
| 23:34 | Build | House |
| 23:52 | Create | Villager (Male) |
| 23:53 | Create | Villager (Male) |
| 23:53 | Create | Villager (Male) |
| 23:56 | Build | House |
| 24:00 | Research | Heavy Plow |
| 24:02 | Create | Villager (Male) |
| 24:02 | Create | Villager (Male) |
| 24:10 | Create | Villager (Male) |
| 24:12 | Create | Villager (Male) |
| 24:16 | Build | Town Center |
| 24:23 | Create | Villager (Male) |
| 24:35 | Build | Town Center |
| 24:40 | Create | Villager (Male) |
| 24:40 | Create | Villager (Male) |
| 24:41 | Create | Villager (Male) |
| 24:47 | Build | Farm |
| 24:50 | Create | Villager (Male) |
| 25:05 | Create | Villager (Male) |
| 25:10 | Build | Farm |
| 25:11 | Create | Villager (Male) |
| 25:21 | Create | Villager (Male) |
| 25:37 | Create | Villager (Male) |
| 25:42 | Build | Farm |
| 25:46 | Create | Villager (Male) |
| 25:49 | Create | Villager (Male) |
| 25:50 | Create | Villager (Male) |
| 25:59 | Create | Villager (Male) |
Match timeline
| 2:36 | 小米加步槍 · wall_segment Palisade Wall x1 |
| 8:07 | 楠 · wall_segment Palisade Wall x5 |
| 8:36 | 楠 · wall_segment Palisade Wall x1 |
| 9:09 | 楚辞誉 · wall_segment Palisade Wall x4 |
| 10:53 | lkg · first_building Barracks |
| 11:03 | lkg · wall_segment Palisade Wall x1 |
| 11:04 | lkg · wall_segment Palisade Wall x1 |
| 11:49 | 青涩后妈 · first_building Barracks |
| 11:51 | lkg · wall_segment Palisade Wall x1 |
| 11:52 | lkg · wall_segment Palisade Wall x1 |
| 11:52 | lkg · wall_segment Palisade Wall x1 |
| 12:09 | lkg · age_up feudal |
| 12:10 | lkg · first_building Archery Range |
| 13:11 | 楚辞誉 · first_building Barracks |
| 13:17 | lkg · wall_segment Palisade Wall x1 |
| 13:19 | lkg · wall_segment Palisade Wall x1 |
| 13:20 | lkg · wall_segment Palisade Wall x1 |
| 13:21 | 食肉的羊 · age_up feudal |
| 13:23 | 青涩后妈 · age_up feudal |
| 13:44 | 小米加步槍 · age_up feudal |
| 13:47 | 青涩后妈 · first_building Archery Range |
| 14:16 | 悲伤猫头橘 · age_up feudal |
| 14:32 | 青涩后妈 · wall_segment Palisade Wall x1 |
| 14:37 | 小米加步槍 · wall_segment Palisade Wall x3 |
| 14:40 | 小米加步槍 · wall_segment Palisade Wall x6 |
| 14:40 | 小米加步槍 · wall_segment Palisade Wall x1 |
| 14:44 | 楠 · age_up feudal |
| 15:15 | 悲伤猫头橘 · wall_segment Stone Wall x11 |
| 15:17 | 楚辞誉 · age_up feudal |
| 15:19 | 楚辞誉 · first_building Archery Range |
| 15:21 | 悲伤猫头橘 · wall_segment Stone Wall x11 |
| 15:34 | 小米加步槍 · wall_segment Palisade Wall x7 |
| 15:34 | 小米加步槍 · wall_segment Palisade Wall x1 |
| 15:50 | 食肉的羊 · wall_segment Palisade Wall x1 |
| 16:11 | 楠 · first_building Barracks |
| 16:29 | 悲伤猫头橘 · wall_segment Stone Wall x3 |
| 16:32 | 悲伤猫头橘 · wall_segment Stone Wall x1 |
| 16:36 | 悲伤猫头橘 · wall_segment Stone Wall x2 |
| 16:38 | TON618 · age_up feudal |
| 16:39 | 食肉的羊 · wall_segment Palisade Wall x3 |
| 16:43 | 食肉的羊 · wall_segment Palisade Wall x5 |
| 17:16 | 悲伤猫头橘 · wall_segment Stone Wall x1 |
| 17:42 | 楠 · first_building Archery Range |
| 17:44 | 食肉的羊 · age_up castle |
| 17:50 | 食肉的羊 · first_building Castle |
| 18:05 | 悲伤猫头橘 · age_up castle |
| 18:23 | 楠 · age_up castle |
| 18:29 | 小米加步槍 · age_up castle |
| 19:31 | 悲伤猫头橘 · first_building Castle |
| 19:39 | 悲伤猫头橘 · first_market_buy 100 food |
| 19:48 | 楚辞誉 · age_up castle |
| 20:06 | 食肉的羊 · wall_segment Palisade Wall x8 |
| 20:08 | 食肉的羊 · wall_segment Palisade Wall x3 |
| 20:14 | 楠 · first_market_buy 100 food |
| 20:31 | 悲伤猫头橘 · first_market_sell 100 wood |
| 20:32 | 楚辞誉 · first_building Siege Workshop |
| 21:02 | 青涩后妈 · wall_segment Stone Wall x1 |
| 21:10 | 青涩后妈 · wall_segment Palisade Wall x1 |
| 21:11 | lkg · first_market_buy 100 food |
| 21:12 | 青涩后妈 · wall_segment Palisade Wall x1 |
| 21:13 | 青涩后妈 · wall_segment Palisade Wall x1 |
| 21:28 | lkg · first_market_sell 100 wood |
| 21:40 | TON618 · age_up castle |
| 21:59 | 食肉的羊 · first_market_buy 100 food |
| 22:06 | 悲伤猫头橘 · wall_segment Stone Wall x4 |
| 22:21 | 楠 · first_market_sell 100 wood |
| 22:35 | 小米加步槍 · first_market_buy 100 stone |
| 22:42 | 食肉的羊 · wall_segment Palisade Wall x1 |
| 22:54 | 食肉的羊 · first_building Barracks |
| 23:40 | 楚辞誉 · first_market_sell 100 wood |
| 24:14 | lkg · age_up castle |
| 24:37 | TON618 · first_building Barracks |
| 25:03 | 小米加步槍 · tribute_sent a jugador 1 |
| 25:03 | 小米加步槍 · tribute_sent a jugador 2 |
| 25:03 | 小米加步槍 · tribute_sent a jugador 3 |
| 25:03 | 小米加步槍 · tribute_sent a jugador 4 |
| 25:03 | 小米加步槍 · tribute_sent a jugador 5 |
| 25:03 | 小米加步槍 · tribute_sent a jugador 6 |
| 25:03 | 小米加步槍 · tribute_sent a jugador 7 |
| 25:09 | 青涩后妈 · tribute_sent a jugador 1 |
| 25:09 | 青涩后妈 · tribute_sent a jugador 2 |
| 25:09 | 青涩后妈 · tribute_sent a jugador 3 |
| 25:09 | 青涩后妈 · tribute_sent a jugador 4 |
| 25:09 | 青涩后妈 · tribute_sent a jugador 5 |
| 25:09 | 青涩后妈 · tribute_sent a jugador 6 |
| 25:09 | 青涩后妈 · tribute_sent a jugador 8 |
| 25:38 | TON618 · wall_segment Stone Wall x5 |
| 25:40 | TON618 · wall_segment Stone Wall x1 |
| 25:40 | 青涩后妈 · first_market_buy 100 food |
| 25:49 | 青涩后妈 · first_building Stable |
| 26:13 | 食肉的羊 · first_building Stable |
| 26:17 | 悲伤猫头橘 · wall_segment Stone Wall x7 |
| 26:28 | 楠 · wall_segment Stone Wall x21 |
| 26:31 | TON618 · wall_segment Stone Wall x16 |
| 26:59 | lkg · first_building Siege Workshop |
| 27:23 | 悲伤猫头橘 · wall_segment Stone Wall x3 |
| 27:41 | 食肉的羊 · first_market_sell 100 wood |
| 28:02 | 小米加步槍 · first_building Siege Workshop |
| 28:04 | TON618 · wall_segment Stone Wall x5 |
| 28:21 | 悲伤猫头橘 · wall_segment Stone Wall x1 |
| 28:23 | 悲伤猫头橘 · first_building Monastery |
| 28:23 | 青涩后妈 · age_up castle |
| 29:21 | 楚辞誉 · first_market_buy 100 stone |
| 29:25 | 青涩后妈 · first_building Castle |
| 29:45 | 青涩后妈 · first_building Monastery |
| 30:29 | 青涩后妈 · first_building Siege Workshop |
| 30:35 | TON618 · first_building Castle |
| 30:46 | 小米加步槍 · first_building Castle |
| 31:07 | 小米加步槍 · first_market_sell 100 wood |
| 31:17 | TON618 · first_building Stable |
| 31:20 | 楠 · wall_segment Stone Wall x2 |
| 32:10 | 小米加步槍 · first_building Barracks |
| 32:11 | 悲伤猫头橘 · first_building Barracks |
| 33:19 | 悲伤猫头橘 · first_building Stable |
| 33:57 | 食肉的羊 · wall_segment Stone Wall x1 |
| 34:36 | 小米加步槍 · age_up imperial |
| 34:36 | 楠 · first_building Siege Workshop |
| 35:16 | 悲伤猫头橘 · age_up imperial |
| 36:50 | 小米加步槍 · wall_segment Palisade Wall x1 |
| 36:55 | 小米加步槍 · wall_segment Palisade Wall x1 |
| 37:00 | TON618 · age_up imperial |
| 37:57 | lkg · age_up imperial |
| 38:13 | 食肉的羊 · age_up imperial |
| 38:37 | lkg · wall_segment Stone Wall x1 |
| 38:38 | lkg · wall_segment Stone Wall x1 |
| 38:41 | 悲伤猫头橘 · wall_segment Stone Wall x5 |
| 38:57 | 楠 · age_up imperial |
| 39:03 | lkg · wall_segment Stone Wall x1 |
| 39:54 | 食肉的羊 · wall_segment Palisade Wall x12 |
| 40:02 | 悲伤猫头橘 · wall_segment Stone Wall x4 |
| 41:08 | 悲伤猫头橘 · wall_segment Stone Wall x10 |
| 41:17 | 悲伤猫头橘 · wall_segment Stone Wall x1 |
| 41:22 | lkg · first_building Castle |
| 42:07 | lkg · wall_segment Stone Wall x1 |
| 42:17 | lkg · wall_segment Stone Wall x1 |
| 42:50 | TON618 · first_building Siege Workshop |
| 42:51 | 青涩后妈 · wall_segment Stone Wall x6 |
| 44:05 | 悲伤猫头橘 · wall_segment Stone Wall x1 |
| 44:30 | 悲伤猫头橘 · wall_segment Stone Wall x1 |
| 44:34 | 食肉的羊 · wall_segment Stone Wall x6 |
| 44:36 | 悲伤猫头橘 · wall_segment Stone Wall x1 |
| 44:51 | 楚辞誉 · first_building Castle |
| 45:08 | lkg · wall_segment Stone Wall x1 |
| 45:12 | lkg · wall_segment Stone Wall x1 |
| 45:39 | 楠 · wall_segment Stone Wall x8 |
| 45:43 | 楠 · wall_segment Stone Wall x6 |
| 46:35 | 楠 · wall_segment Stone Wall x9 |
| 47:21 | 楠 · wall_segment Stone Wall x1 |
| 47:29 | 食肉的羊 · first_building Archery Range |
| 48:23 | 悲伤猫头橘 · wall_segment Stone Wall x5 |
| 48:33 | TON618 · first_building Archery Range |
| 49:40 | lkg · wall_segment Stone Wall x1 |
| 50:19 | lkg · wall_segment Stone Wall x1 |
| 50:20 | lkg · wall_segment Stone Wall x1 |
| 50:21 | 悲伤猫头橘 · wall_segment Stone Wall x6 |
| 50:49 | 楠 · wall_segment Stone Wall x4 |
| 50:59 | 楠 · wall_segment Stone Wall x1 |
| 51:20 | 食肉的羊 · first_building Siege Workshop |
| 51:21 | 楠 · wall_segment Stone Wall x23 |
| 51:44 | 楠 · wall_segment Stone Wall x8 |
| 52:27 | 楠 · wall_segment Stone Wall x4 |
| 52:35 | 悲伤猫头橘 · wall_segment Stone Wall x1 |
| 52:46 | 青涩后妈 · age_up imperial |
| 52:48 | 楚辞誉 · wall_segment Stone Wall x6 |
| 52:59 | 楚辞誉 · wall_segment Stone Wall x5 |
| 53:00 | 楚辞誉 · wall_segment Stone Wall x7 |
| 53:41 | 青涩后妈 · first_market_sell 100 wood |
| 53:56 | lkg · wall_segment Stone Wall x1 |
| 54:22 | 楠 · wall_segment Stone Wall x10 |
| 54:41 | 食肉的羊 · tribute_sent a jugador 1 |
| 54:41 | 食肉的羊 · tribute_sent a jugador 3 |
| 54:41 | 食肉的羊 · tribute_sent a jugador 4 |
| 54:41 | 食肉的羊 · tribute_sent a jugador 5 |
| 54:41 | 食肉的羊 · tribute_sent a jugador 6 |
| 54:41 | 食肉的羊 · tribute_sent a jugador 7 |
| 54:41 | 食肉的羊 · tribute_sent a jugador 8 |
| 54:54 | 悲伤猫头橘 · wall_segment Stone Wall x1 |
| 54:56 | 悲伤猫头橘 · wall_segment Stone Wall x1 |
| 55:22 | 悲伤猫头橘 · wall_segment Stone Wall x1 |
| 55:24 | 悲伤猫头橘 · wall_segment Stone Wall x3 |
| 55:46 | TON618 · wall_segment Stone Wall x1 |
| 55:53 | 小米加步槍 · tribute_sent a jugador 1 |
| 55:53 | 小米加步槍 · tribute_sent a jugador 2 |
| 55:53 | 小米加步槍 · tribute_sent a jugador 3 |
| 55:53 | 小米加步槍 · tribute_sent a jugador 4 |
| 55:54 | 小米加步槍 · tribute_sent a jugador 5 |
| 55:54 | 小米加步槍 · tribute_sent a jugador 6 |
| 55:54 | 小米加步槍 · tribute_sent a jugador 7 |
| 56:18 | 楠 · wall_segment Stone Wall x10 |
| 56:29 | 悲伤猫头橘 · wall_segment Stone Wall x1 |
| 57:56 | 楚辞誉 · age_up imperial |
| 58:31 | 小米加步槍 · first_building Archery Range |
| 58:35 | 悲伤猫头橘 · first_building Siege Workshop |
| 58:42 | 楚辞誉 · wall_segment Stone Wall x1 |
| 60:28 | lkg · wall_segment Stone Wall x6 |
| 60:30 | lkg · wall_segment Stone Wall x1 |
| 60:31 | lkg · wall_segment Stone Wall x1 |
| 60:32 | 楚辞誉 · wall_segment Stone Wall x1 |
| 60:40 | 小米加步槍 · tribute_sent a jugador 1 |
| 60:40 | 小米加步槍 · tribute_sent a jugador 2 |
| 60:40 | 小米加步槍 · tribute_sent a jugador 3 |
| 60:40 | 小米加步槍 · tribute_sent a jugador 4 |
| 60:40 | 小米加步槍 · tribute_sent a jugador 5 |
| 60:40 | 小米加步槍 · tribute_sent a jugador 6 |
| 60:40 | 小米加步槍 · tribute_sent a jugador 7 |
| 60:59 | 小米加步槍 · tribute_sent a jugador 1 |
| 60:59 | 小米加步槍 · tribute_sent a jugador 2 |
| 60:59 | 小米加步槍 · tribute_sent a jugador 3 |
| 60:59 | 小米加步槍 · tribute_sent a jugador 4 |
| 60:59 | 小米加步槍 · tribute_sent a jugador 5 |
| 60:59 | 小米加步槍 · tribute_sent a jugador 6 |
| 60:59 | 小米加步槍 · tribute_sent a jugador 7 |
| 61:46 | TON618 · wall_segment Stone Wall x4 |
| 62:04 | 小米加步槍 · tribute_sent a jugador 1 |
| 62:04 | 小米加步槍 · tribute_sent a jugador 2 |
| 62:04 | 小米加步槍 · tribute_sent a jugador 3 |
| 62:04 | 小米加步槍 · tribute_sent a jugador 4 |
| 62:04 | 小米加步槍 · tribute_sent a jugador 5 |
| 62:04 | 小米加步槍 · tribute_sent a jugador 6 |
| 62:04 | 小米加步槍 · tribute_sent a jugador 7 |
| 62:09 | 食肉的羊 · tribute_sent a jugador 1 |
| 62:09 | 食肉的羊 · tribute_sent a jugador 3 |
| 62:09 | 食肉的羊 · tribute_sent a jugador 4 |
| 62:09 | 食肉的羊 · tribute_sent a jugador 5 |
| 62:09 | 食肉的羊 · tribute_sent a jugador 6 |
| 62:09 | 食肉的羊 · tribute_sent a jugador 7 |
| 62:09 | 食肉的羊 · tribute_sent a jugador 8 |
| 62:49 | lkg · first_building Stable |
| 63:19 | 小米加步槍 · tribute_sent a jugador 1 |
| 63:19 | 小米加步槍 · tribute_sent a jugador 2 |
| 63:19 | 小米加步槍 · tribute_sent a jugador 3 |
| 63:19 | 小米加步槍 · tribute_sent a jugador 4 |
| 63:19 | 小米加步槍 · tribute_sent a jugador 5 |
| 63:19 | 小米加步槍 · tribute_sent a jugador 6 |
| 63:19 | 小米加步槍 · tribute_sent a jugador 7 |
| 63:20 | TON618 · tribute_sent a jugador 1 |
| 63:20 | TON618 · tribute_sent a jugador 2 |
| 63:20 | TON618 · tribute_sent a jugador 3 |
| 63:20 | TON618 · tribute_sent a jugador 4 |
| 63:20 | TON618 · tribute_sent a jugador 5 |
| 63:20 | TON618 · tribute_sent a jugador 7 |
| 63:20 | TON618 · tribute_sent a jugador 8 |
| 63:28 | 楠 · wall_segment Stone Wall x11 |
| 63:38 | TON618 · tribute_sent a jugador 1 |
| 63:38 | TON618 · tribute_sent a jugador 2 |
| 63:38 | TON618 · tribute_sent a jugador 3 |
| 63:38 | TON618 · tribute_sent a jugador 4 |
| 63:38 | TON618 · tribute_sent a jugador 5 |
| 63:38 | TON618 · tribute_sent a jugador 7 |
| 63:38 | TON618 · tribute_sent a jugador 8 |
| 64:20 | 食肉的羊 · wall_segment Stone Wall x17 |
| 64:26 | 食肉的羊 · wall_segment Stone Wall x12 |
| 65:48 | TON618 · wall_segment Stone Wall x1 |
| 65:59 | 悲伤猫头橘 · wall_segment Stone Wall x4 |
| 66:22 | TON618 · wall_segment Stone Wall x1 |
| 66:33 | 食肉的羊 · wall_segment Stone Wall x13 |
| 66:34 | 悲伤猫头橘 · wall_segment Stone Wall x7 |
| 66:40 | 悲伤猫头橘 · wall_segment Stone Wall x4 |
| 67:00 | 悲伤猫头橘 · wall_segment Stone Wall x5 |
| 67:02 | TON618 · wall_segment Stone Wall x1 |
| 67:05 | 悲伤猫头橘 · wall_segment Stone Wall x4 |
| 67:13 | 悲伤猫头橘 · wall_segment Stone Wall x5 |
| 67:14 | lkg · wall_segment Stone Wall x10 |
| 67:32 | 食肉的羊 · resign |
[ AI ANALYSIS · 1 CREDIT ]
What really happened in this match?
Wolo.gg analyzes every decision: build order, eco, micro, common mistakes by bracket. Personalized analysis on WhatsApp or Discord in 30 seconds.
Civ guide
Wu
Map guide
Land Nomad
Perfil
Jugador #410039